 Dungeon Crawl Stone Soup version 0.20.0-15-g7f486f2 (webtiles) character file.

1301 skittles the Firebug (level 8, 0/57 HPs)
             Began as a Purple Draconian Fire Elementalist on June 15, 2017.
             Was a Priest of Vehumet.
             Slain by a two-headed ogre
             ... wielding a +0 giant club
              (10 damage)
             ... on level 7 of the Dungeon.
             The game lasted 00:21:16 (9501 turns).

skittles the Firebug (DrFE)                         Turns: 9501, Time: 00:21:18

Health: 0/57       AC:  6    Str: 10      XL:     8   Next: 31%
Magic:  4/17       EV: 12    Int: 18      God:    Vehumet [***...]
Gold:   400        SH:  0    Dex:  8 (12) Spells: 2/19 levels left

rFire    . . .     SeeInvis .   E - +0 dagger (venom)
rCold    . . .     Gourm    .   (no shield)
rNeg     . . .     Faith    .   (armour unavailable)
rPois    +         Spirit   .   (helmet restricted)
rElec    .         Reflect  .   (no cloak)
rCorr    +         Harm     .   (no gloves)
MR       +....                  (no boots)
Stlth    ++........             (no amulet)
Regen    0.2/turn               A - ring of poison resistance
MPRegen  0.2/turn               w - ring of resist corrosion

@: no status effects
A: breathe power, unfitting armour, cold-blooded, AC +6
a: Breathe Dispelling Energy, Renounce Religion


You were on level 7 of the Dungeon.
You worshipped Vehumet.
Vehumet was most pleased with you.
You were hungry.

You visited 1 branch of the dungeon, and saw 7 of its levels.
You also visited: Sewer.

You collected 400 gold pieces.

Inventory:

Hand Weapons
 n - a +0 spear
 E - a +0 dagger of venom (weapon)
Armour
 D - a +0 buckler
Jewellery
 r - a +2 ring of dexterity
 w - a ring of resist corrosion (right hand)
 A - a ring of poison resistance (left hand)
Wands
 f - a wand of flame (20/48)
 y - a wand of acid (9/15)
 I - a wand of confusion (25/48)
 K - a wand of iceblast (7/15)
Scrolls
 d - 2 scrolls of enchant armour {unknown}
 e - a scroll of enchant weapon {unknown}
 i - 4 scrolls of identify {unknown}
 k - a scroll of blinking {unknown}
 l - 3 scrolls of magic mapping {unknown}
 o - 6 scrolls of teleportation {unknown}
 p - 3 scrolls of remove curse {unknown}
 q - a scroll of amnesia {unknown}
 s - 2 scrolls of fog {unknown}
 z - 3 scrolls of immolation {unknown}
 H - 2 scrolls of noise {unknown}
 L - a scroll of recharging {unknown}
 O - a scroll of fear {unknown}
Potions
 c - a potion of brilliance {unknown}
 g - a potion of berserk rage {unknown}
 j - 3 potions of degeneration {unknown}
 t - 2 potions of lignification {unknown}
 u - a potion of might {unknown}
 v - 2 potions of magic {unknown}
 x - 2 potions of curing {unknown}
 B - 2 potions of invisibility {unknown}
 C - 3 potions of flight
 G - a potion of cancellation {unknown}
 J - a potion of mutation {unknown}
 N - a potion of resistance {unknown}
Books
 a - a book of Flames

   Spells                             Type                      Level
   a - Flame Tongue                   Conjuration/Fire             1
   b - Throw Flame                    Conjuration/Fire             2
   c - Conjure Flame                  Conjuration/Fire             3
   d - Inner Flame                    Hexes/Fire                   3
   e - Sticky Flame                   Conjuration/Fire             4
   f - Fireball                       Conjuration/Fire             5
Comestibles
 b - 5 bread rations
 h - 6 meat rations
 m - 5 royal jellies
 F - 3 fruits
 M - 3 chunks of flesh


   Skills:
 - Level 1.7 Dodging
 - Level 1.7 Stealth
 + Level 6.3 Spellcasting
 + Level 6.0 Conjurations
 + Level 6.8 Fire Magic


You had 2 spell levels left.
You knew the following spells:

 Your Spells              Type           Power        Failure   Level  Hunger
a - Flame Tongue          Conj/Fire      ####.        1%          1    None
b - Conjure Flame         Conj/Fire      ####....     1%          3    ##.....
c - Sticky Flame          Conj/Fire      ####....     2%          4    ####...
d - Fireball              Conj/Fire      ####......   6%          5    #####..
e - Force Lance           Conj/Tloc      ###.....     9%          4    ####...


Dungeon Overview and Level Annotations

Branches:
Dungeon (7/15)             Temple (0/1) D:5

Altars:
Dithmenos
Fedhas
Vehumet


Innate Abilities, Weirdness & Mutations

You can breathe bolts of dispelling energy.
Your rich purple scales are hard. (AC +6)
You cannot fit into any form of body armour.
You are cold-blooded and may be slowed by cold attacks.


Message History

Aim: a two-headed ogre, wielding two giant clubs (severely wounded)
The sticky flame hits the two-headed ogre.
The two-headed ogre is severely wounded.
The two-headed ogre is covered in liquid flames!
The two-headed ogre burns!
The two-headed ogre burns!
The two-headed ogre burns!
The two-headed ogre stops burning.
There is an open door here.
Casting: Sticky Flame
Confirm with . or Enter, or press ? or * to list all spells.
Aiming: Sticky Flame
Press: ? - help, Shift-Dir - straight line, f/p - two-headed ogre
Aim: a two-headed ogre, wielding two giant clubs (severely wounded)
The sticky flame hits the two-headed ogre.
The two-headed ogre appears unharmed.
The two-headed ogre is severely wounded.
The two-headed ogre is covered in liquid flames!
The two-headed ogre burns!
The two-headed ogre hits you with a giant club!
You die...

##+###.....).....
#........########
#........+
#........#
#########
##.########
#.......# #.#
#....# #.#####.#
#.# #....# #.# #.#
#.###....####.#
#.#
#...O@...'....#
#.##
#####....######
#...
#........#########
###..............#
#......#######.#
#......# #.#
#......# ####'#
.........# #.....
....##+### #.....


You could see a two-headed ogre (burning).

Vanquished Creatures
  A black bear (D:6)
  2 ice beasts (D:5)
  A big kobold (D:6)
  A bullfrog (D:6)
  A scorpion (D:5)
  2 crimson imps
  A quasit (D:7)
  A bullfrog zombie (D:6)
  2 jellies
  A hound (D:5)
  4 orc wizards
  An iguana (D:6)
  5 worker ants
  2 hound zombies
  A worker ant zombie (D:5)
  5 adders
  6 gnolls
  2 shadow imps
  4 oozes (Sewer)
  An adder zombie (D:7)
  2 adder skeletons
  11 worms
  3 dart slugs
  6 leopard geckos
  14 orcs
  8 ball pythons
  8 giant cockroaches
  10 goblins
  8 hobgoblins
  11 jackals
  11 kobolds
  6 quokkas
  12 bats
  4 frilled lizards
  A leopard gecko skeleton (D:4)
  A quokka skeleton (D:5)
  A quokka zombie (D:6)
  7 rats
168 creatures vanquished.

Vanquished Creatures (others)
  An orc (D:6)
1 creature vanquished.

Grand Total: 169 creatures vanquished

Notes
Turn   | Place    | Note
-------+----------+-------------------------------------------
     0 | D:1      | skittles the Draconian Fire Elementalist began the quest for the Orb.
     0 | D:1      | Reached XP level 1. HP: 14/14 MP: 3/3
   429 | D:1      | Reached XP level 2. HP: 20/20 MP: 3/5
   983 | D:2      | Reached XP level 3. HP: 15/26 MP: 0/6
  1196 | D:2      | Learned a level 3 spell: Conjure Flame
  2258 | D:2      | Reached XP level 4. HP: 28/33 MP: 3/7
  3065 | D:3      | Found a radiant altar of Vehumet.
  3073 | D:3      | Became a worshipper of Vehumet
  3617 | D:3      | Learned a level 4 spell: Sticky Flame
  3766 | D:3      | Found a shadowy altar of Dithmenos.
  3878 | D:3      | Reached XP level 5. HP: 23/38 MP: 4/9
  4577 | D:4      | You fall through a shaft for 3 floors!
  4583 | D:7      | Noticed a phantom
  4653 | D:7      | Noticed a phantom
  5042 | D:6      | Reached XP level 6. HP: 43/45 MP: 5/11
  5133 | D:5      | Entered Level 5 of the Dungeon
  5181 | D:5      | Found a staircase to the Ecumenical Temple.
  5239 | D:5      | Found a glowing drain.
  5315 | Sewer    | Entered a sewer
  5319 | Sewer    | Reached * piety under Vehumet
  5319 | Sewer    | Offered knowledge of Shock by Vehumet.
  5909 | Sewer    | Reached skill level 5 in Fire Magic
  6193 | Sewer    | Reached ** piety under Vehumet
  6193 | Sewer    | Offered knowledge of Sting by Vehumet.
  6310 | D:5      | Noticed an ice beast
  7210 | D:4      | Offered knowledge of Ignite Poison by Vehumet.
  7261 | D:5      | Killed an ice beast
  7261 | D:5      | Your scales start taking on a rich purple colour.
  7261 | D:5      | Reached XP level 7. HP: 39/50 MP: 7/14
  7263 | D:5      | Reached skill level 5 in Spellcasting
  7663 | D:5      | Reached skill level 5 in Conjurations
  7801 | D:5      | Reached *** piety under Vehumet
  7823 | D:5      | Found a blossoming altar of Fedhas.
  8340 | D:6      | Reached XP level 8. HP: 57/57 MP: 16/16
  9196 | D:7      | Offered knowledge of Force Lance by Vehumet.
  9341 | D:7      | Learned a level 5 spell: Fireball
  9346 | D:7      | Learned a level 4 spell: Force Lance
  9479 | D:7      | Noticed a two-headed ogre
  9501 | D:7      | Slain by a two-headed ogre

Skill      XL: |  1  2  3  4  5  6  7  8 |
---------------+-------------------------+-----
Conjurations   | 2 3 4 5 6 |  6.0
Fire Magic     | 4 5 6 |  6.8
Spellcasting   | 3 4 5 6 |  6.3
Dodging        | |  1.7
Stealth        | |  1.7

Action                   |  1- 3 |  4- 6 |  7- 9 || total
-------------------------+-------+-------+-------++-------
Melee: Unarmed           |    18 |       |       ||    18
       Tailslap          |     4 |    21 |    17 ||    42
       Club              |    10 |       |       ||    10
       Whip              |    48 |    27 |       ||    75
       Spear             |       |    10 |       ||    10
       Dagger            |       |   195 |   220 ||   415
 Cast: Flame Tongue      |    50 |    76 |    35 ||   161
       Sticky Flame      |       |    10 |     9 ||    19
       Conjure Flame     |       |     3 |       ||     3
 Abil: Breathe Dispellin |       |       |     1 ||     1
  Use: Potion            |       |     1 |       ||     1
 Stab: Sleeping          |     5 |     4 |     2 ||    11
  Eat: Chunk             |     5 |    18 |     7 ||    30
       Fruit             |       |       |     2 ||     2
Armor: Skin              |    25 |    78 |    89 ||   192
Dodge: Dodged            |    51 |   189 |   158 ||   398
